 Dungeon Crawl Stone Soup version 0.30-a0-170-g85af917532 (webtiles) character file.

Game seed: 15816929579810866967

6316 freelancePsychic the Fighter (level 10, -3/145 HPs)
             Began as a Green Draconian Chaos Knight on Sept 30, 2022.
             Was a Priest of Qazlal.
             Killed by vampiric draining
             ... invoked by a vampire
              (18 damage)
             ... on level 9 of the Dungeon.
             The game lasted 00:17:29 (9514 turns).

freelancePsychic the Fighter (DrCK)                 Turns: 9514, Time: 00:17:29

Health: -3/145     AC: 29    Str: 16    XL:     10   Next: 64%
Magic:  3/14       EV:  2    Int: 12    God:    Qazlal [***...]
Gold:   462        SH:  9    Dex: 14    Spells: 9/9 levels left

rFire   . . .      SeeInvis .    r - +1 falchion (elec)
rCold   . . .      Faith    .    (no shield)
rNeg    . . .      Spirit   .    (body armour unavailable)
rPois   +          Reflect  +    (helmet currently unavailable)
rElec   .          Harm     .    (cloak currently unavailable)
rCorr   .          Rampage  .    (gloves currently unavailable)
Will    .....      NoTele   +    (boots currently unavailable)
Stlth   +.........               l - amulet of reflection
HPRegen 0.34/turn                p - +4 ring of evasion
MPRegen 0.14/turn                w - +4 ring of protection

@: short of breath, tree-form, hasted, very quick
A: stationary, stasis, torment immunity, boosted hp, (breathe noxious fumes), AC
+7, unfitting armour, (poison resistance), (cold-blooded), (beak), (heat
vulnerability 1), inability to read after injury 1
a: Renounce Religion, Upheaval, Elemental Force


You were on level 9 of the Dungeon.
You worshipped Qazlal.
Qazlal was most pleased with you.
You were a tree.
You visited 1 branch of the dungeon, and saw 10 of its levels.

You collected 462 gold pieces.

Inventory:

Hand Weapons
 r - a +1 falchion of electrocution (weapon)
 C - a +5 vorpal great sword
 D - a +0 long sword
Missiles
 q - 3 throwing nets
Armour
 u - a +2 pair of boots (melded)
 A - a +0 pair of gloves (melded)
Jewellery
 l - an amulet of reflection (around neck)
 n - a ring of wizardry
 p - a +4 ring of evasion (left branch)
 t - an amulet of the acrobat
 w - a +4 ring of protection (right branch)
Wands
 v - a wand of roots (2)
 E - a wand of flame (15)
Scrolls
 d - 3 scrolls of blinking
 g - 3 scrolls of magic mapping
 h - 2 scrolls of enchant armour
 j - 5 scrolls of amnesia
 o - a scroll of poison
 y - a scroll of immolation
 B - 2 scrolls of fog
Potions
 a - a potion of flight {unknown}
 c - 2 potions of brilliance {unknown}
 f - 5 potions of attraction
 i - 3 potions of haste {@q3}
 k - a potion of degeneration {unknown}
 x - a potion of mutation {unknown}
 z - 6 potions of heal wounds {unknown}
 G - a potion of resistance {unknown}
Miscellaneous
 b - a piece from Xom's chessboard (15/15)


   Skills:
 + Level 11.8 Fighting
 - Level 3.8(4.1) Short Blades
 - Level 2.1(3.2) Long Blades
 - Level 2.1 Dodging
 + Level 6.2 Unarmed Combat
 + Level 8.3 Transmutations
 - Level 6.1 Invocations


You had 9 spell levels left.
You didn't know any spells.
Your spell library contained the following spells:

 Spells                   Type           Power      Damage    Failure   Level
 Cigotuvi's Dreadful Rot  Necr/Pois/Air  0%         N/A       45%         2
 Poisonous Vapours        Pois/Air       0%         N/A       45%         2
 Stone Arrow              Conj/Erth      0%         3d7       69%         3
 Fireball                 Conj/Fire      0%         3d3       100%        5
 Iskenderun's Battlesphe  Conj           0%         2d6       100%        5
 Conjure Ball Lightning   Conj/Air       0%         3x3d6     100%        6
 Orb of Destruction       Conj           0%         9d5       100%        7
 Lehudib's Crystal Spear  Conj/Erth      0%         10d2      100%        8
 Animate Armour           Summ/Erth      Unusable   N/A       N/A         4

Dungeon Overview and Level Annotations

Branches:
Dungeon (10/15)            Temple (0/1) D:5
   Lair: D:8-11         Orc: D:9-12

Altars:
Qazlal

Shops:
D:1 :   D:2 =   D:4 :   D:9 ?

Annotations:
D:3 Sigmund
D:4 2 transporters, ThrustWizard's ghost, amateur DsGl
D:7 2 runed translucent doors, SirDiesAlot's ghost, novice KoFE


Innate Abilities, Weirdness & Mutations

You are a tree.
Your roots penetrate the ground, keeping you stationary.
You cannot be teleported.
You are immune to unholy pain and torment.
Your maximum health is greatly increased.
Your equipment is partially melded.
((You can breathe blasts of noxious fumes.))
((Your lurid green scales are hard. (AC +7)))
You cannot fit into any form of body armour.
((Your system is resistant to poisons. (rPois)))
((You are cold-blooded and may be slowed by cold attacks.))
((You have a beak for a mouth.))
((You are vulnerable to heat. (rF-)))
You occasionally lose the ability to read scrolls when taking damage.


Message History

The vampire bites you but does no damage.
The deep troll struggles to escape constriction.
The air fills with toxic fumes!
As you read the scroll of poison, it crumbles to dust.
The grasping roots constrict the deep troll.
Your orc splashes around in the water.
The vampire hits you but does no damage.
The vampire bites you but does no damage.
You hit the vampire. Lightning courses through the vampire!
The vampire is heavily damaged.
The grasping roots constrict the deep troll.
The roots release their grip on the deep troll.
Your orc hits the vampire but does no damage.
The vampire hits your orc with a +0 morningstar!
Your orc dies!
Your orc's corpse dissolves into shadows!
You closely miss the vampire.
The vampire is heavily damaged.
The vampire gestures wildly while chanting.
The vampire flickers and vanishes!
Deactivating autopickup; reactivate with Ctrl-A.
You cannot move.
You cannot move.
You hit something but do no damage. You hit something but do no damage.
Lightning courses through something! You punch something.
Something draws life force from you!!
* * * LOW HITPOINT WARNING * * *
You hit something. Lightning courses through something!
Your punch misses something. Something hits you!
* * * LOW HITPOINT WARNING * * *
Something bites you.
* * * LOW HITPOINT WARNING * * *
Something draws strength from your injuries!
You closely miss something. You hit something but do no damage.
Something hits you but does no damage. Something bites you but does no damage.
You closely miss something. Something hits you but does no damage.
Something bites you but does no damage.
You barely miss something. Something draws life force from you!!
You die...

...# §
§ ...#
§ ○ §#§
♣♣§♣♣
#♣§§§♣#
#○§§~§#
♣.§{♣
♣♣♣ #☼#
☼§§
♣T§§♣
§♣☼♣§
#♣§§○♣#
§☼§ ###


You could see a deep troll.

Vanquished Creatures
  An ugly thing (D:9)
  A kobold demonologist (D:9)
  3 trolls (D:9)
  2 hornets (D:9)
  Grinder (D:6)
  A yak (D:9)
  2 wyverns (D:9)
  A steam dragon (D:7)
  A vampire mosquito (D:9)
  A water moccasin (D:8)
  Duvessa (D:6)
  3 orc warriors (D:9)
  A sky beast (D:7)
  An ice beast (D:7)
  3 ogres
  A centaur (D:9)
  3 scorpions
  6 bullfrogs
  A gnoll sergeant (D:9)
  A necrophage (D:6)
  3 wights (D:8)
  Dowan (D:6)
  8 killer bees
  A howler monkey (D:9)
  3 electric eels (D:9)
  A hound (D:3)
  2 jellies
  3 orc priests
  A gnoll bouda (D:8)
  4 iguanas (D:5)
  5 orc wizards
  14 gnolls
  8 adders
  A river rat (D:3)
  2 shadow imps
  2 white imps (D:7)
  3 ufetubi
  A worm (D:3)
  A dart slug (D:3)
  20 orcs
  7 endoplasms
  2 giant cockroaches
  7 goblins
  9 hobgoblins
  6 jackals
  5 quokkas
  9 ball pythons
  5 bats
  2 frilled lizards
  5 kobolds
  3 rats
179 creatures vanquished.

Vanquished Creatures (collateral kills)
  A centaur warrior (D:9)
  A hobgoblin (D:1)
  A bat (D:1)
3 creatures vanquished.

Vanquished Creatures (others)
  14 fungi (D:5)
14 creatures vanquished.

Grand Total: 196 creatures vanquished

Notes
Turn   | Place    | Note
-------+----------+-------------------------------------------
     0 | D:1      | freelancePsychic the Draconian Chaos Knight began the quest
                  | for the Orb.
     0 | D:1      | Reached XP level 1. HP: 19/19 MP: 1/1
    87 | D:1      | XOM: potion effect (berserk rage)
   191 | D:1      | XOM: silly message
   249 | D:1      | Reached XP level 2. HP: 23/26 MP: 2/2
   322 | D:1      | Found Heahuyz's Book Shop.
   350 | D:1      | XOM: 1-stop teleportation journey
   934 | D:1      | XOM: silly message
  1058 | D:1      | XOM: give mutations
  1058 | D:1      | Gained mutation: You are dopey. (Int -2) [Xom's mischief]
  1058 | D:1      | Gained mutation: Your spells are a little harder to cast,
                  | but a little more powerful. [Xom's mischief]
  1058 | D:1      | Lost mutation: Your spells are a little harder to cast, but
                  | a little more powerful. [Xom's mischief]
  1443 | D:2      | Found a faded altar of an unknown god.
  1450 | D:2      | XOM: summons 3 hostile shadow creatures
  1451 | D:2      | Prayed at the altar of an unknown god.
  1451 | D:2      | Fell from the grace of Xom
  1451 | D:2      | Became a worshipper of Qazlal Stormbringer
  1451 | D:2      | Reached * piety under Qazlal
  1692 | D:2      | Reached XP level 3. HP: 33/33 MP: 3/3
  1702 | D:2      | Found Ehudam's Jewellery Boutique.
  1820 | D:2      | Reached skill level 4 in Fighting
  1820 | D:2      | Reached skill level 1 in Invocations
  2340 | D:3      | Reached XP level 4. HP: 33/41 MP: 5/5
  2813 | D:3      | XOM: polymorph giant cockroach -> river rat
  2833 | D:3      | Reached ** piety under Qazlal
  2834 | D:3      | Reached XP level 5. HP: 39/47 MP: 5/7
  3438 | D:3      | Noticed Sigmund
  3493 | D:4      | Noticed ThrustWizard's ghost (amateur DsGl)
  3493 | D:4      | Found a transporter.
  3498 | D:4      | Found a transporter.
  3677 | D:4      | Reached skill level 5 in Fighting
  3677 | D:4      | Reached skill level 1 in Long Blades
  3808 | D:4      | XOM: cloud trail
  4025 | D:4      | XOM: summons 1 hostile demon
  4124 | D:4      | XOM: noise
  4175 | D:4      | Found Xofuogre's Tremendous Tomes.
  4232 | D:4      | Reached XP level 6. HP: 53/56 MP: 8/8
  4605 | D:5      | XOM: noise
  4605 | D:5      | Entered Level 5 of the Dungeon
  4650 | D:5      | XOM: 1-stop teleportation journey
  4889 | D:5      | XOM: give mutation
  4889 | D:5      | Lost mutation: You are dopey. (Int -2) [Xom's mischief]
  4920 | D:5      | Reached skill level 6 in Fighting
  5257 | D:5      | XOM: give mutations
  5257 | D:5      | Gained mutation: You have a beak for a mouth. [Xom's
                  | mischief]
  5257 | D:5      | Gained mutation: You occasionally lose the ability to read
                  | scrolls when taking damage. [Xom's mischief]
  5257 | D:5      | Gained mutation: You are weak. (Str -2) [Xom's mischief]
  5298 | D:5      | Found a staircase to the Ecumenical Temple.
  5303 | D:5      | Your scales start taking on a lurid green colour.
  5303 | D:5      | Reached XP level 7. HP: 27/63 MP: 6/10
  5303 | D:5      | Gained mutation: Your system is resistant to poisons.
                  | (rPois) [Green Draconian growth]
  5844 | D:6      | Reached skill level 5 in Invocations
  6164 | D:6      | Noticed Grinder
  6166 | D:6      | Paralysed by Grinder for 2 turns
  6179 | D:6      | Killed Grinder
  6180 | D:6      | Reached skill level 7 in Fighting
  6470 | D:6      | Noticed Dowan
  6471 | D:6      | Noticed Duvessa
  6479 | D:6      | Killed Duvessa
  6480 | D:6      | Reached skill level 1 in Transmutations
  6480 | D:6      | Reached XP level 8. HP: 69/74 MP: 12/12
  6508 | D:6      | Killed Dowan
  6668 | D:7      | Reached skill level 8 in Fighting
  7055 | D:7      | Reached skill level 9 in Fighting
  7556 | D:7      | You fall into a shaft and drop 3 floors!
  7556 | D:10     | Entered Level 10 of the Dungeon
  7565 | D:9      | Found Jiqiesume's Magic Scroll Shoppe.
  7575 | D:8      | Reached skill level 5 in Transmutations
  7575 | D:8      | Reached XP level 9. HP: 84/84 MP: 6/13
  7851 | D:7      | Found a large runed translucent door.
  7852 | D:7      | Found a large runed translucent door.
  7853 | D:7      | Noticed SirDiesAlot's ghost (novice KoFE)
  8385 | D:8      | XOM: noise
  8399 | D:8      | Reached skill level 1 in Unarmed Combat
  8428 | D:8      | Reached *** piety under Qazlal
  8879 | D:8      | XOM: give mutations
  8879 | D:8      | Gained mutation: You are vulnerable to heat. (rF-) [Xom's
                  | mischief]
  8879 | D:8      | Lost mutation: You are weak. (Str -2) [Xom's mischief]
  8893 | D:8      | Reached skill level 10 in Fighting
  9143 | D:9      | Noticed a kobold demonologist
  9146 | D:9      | Noticed a troll
  9148 | D:9      | XOM: noise
  9165 | D:9      | Killed a kobold demonologist
  9168 | D:9      | Killed a troll
  9177 | D:9      | Noticed a troll
  9209 | D:9      | Killed a troll
  9210 | D:9      | Reached XP level 10. HP: 43/94 MP: 14/14
  9281 | D:9      | XOM: 2-stop teleportation journey
  9297 | D:9      | Reached skill level 11 in Fighting
  9368 | D:9      | XOM: enchant monster (bad)
  9388 | D:9      | Reached skill level 5 in Unarmed Combat
  9389 | D:9      | Paralysed by a hornet for 3 turns
  9397 | D:9      | XOM: noise
  9459 | D:9      | XOM: silly message
  9468 | D:9      | Noticed a deep troll
  9483 | D:9      | Noticed a white ugly thing
  9483 | D:9      | Noticed a centaur warrior
  9483 | D:9      | XOM: 1-stop teleportation journey
  9490 | D:9      | Killed a centaur warrior
  9494 | D:9      | Noticed a deep troll
  9499 | D:9      | Killed a white ugly thing
  9514 | D:9      | Killed from afar by a vampire

Illustrated notes

Levels and vault maps discovered:
D:1:      scummos_arrival_checkerplants, layout_loops_corners, serial_shops,
          nicolae_diamond_shop
D:2:      layout_basic, ebering_ecumenical_altar_webs, serial_shops,
          nicolae_shop_trees, minmay_hexomino_p4
D:3:      kennysheep_big_flooded_room, layout_loops_ring, uniq_sigmund
D:4:      layout_basic, gammafunk_ghost_mausoleum,
          nicolae_shop_i_like_big_books, chequers_avenue, st_stairs_11,
          hangedman_glass_teeth, minmay_misc_feat_more_columns
D:5:      layout_basic, minmay_temple_entry_antechambers, serial_aquarium,
          aquarium_bridge_island_small [aquarium_subvault_small_open,
          aquarium_subvault_bridge, aquarium_subvault_bridge,
          aquarium_subvault_wall, aquarium_subvault_window],
          aquarium_bridge_square [aquarium_subvault_bridge,
          aquarium_subvault_window, aquarium_subvault_balcony,
          aquarium_subvault_window], aquarium_window_1, aquarium_window_1,
          aquarium_window_1, aquarium_view_2f, aquarium_view_2b
D:6:      layout_basic, serial_corexii_hall, chequers_hall_statues_wall_a,
          chequers_hall_statues_corner_a, chequers_hall_statues_y,
          corexii_hall_statues_s, corexii_hall_statues_l,
          corexii_hall_statues_l, amcnicky_mini_pool_small,
          kennysheep_generic_room_15, uniq_duvessa, uniq_grinder
D:7:      layout_cave_pods, ebering_ghost_disaster_area, minmay_misc_feat_iff
D:8:      layout_loops_cross
D:9:      nzn_winding_woodlands_medium [nzn_winding_woodlands_5x5_cross,
          nzn_winding_woodlands_5x15_pockets, nzn_winding_woodlands_5x5_default,
          nzn_winding_woodlands_hourglass,
          nzn_winding_woodlands_center_triple_pond,
          nzn_winding_woodlands_5x5_perimeter,
          nzn_winding_woodlands_5x5_open_star,
          nzn_winding_woodlands_5x15_river_crossing,
          nzn_winding_woodlands_5x5_three], layout_basic, serial_shops,
          nicolae_stop_n_shop_2, kennysheep_cluttered_room,
          hellmonk_guarded_unrand_vitality_bloodlust
D:10:     layout_irregular_city, nicolae_overflows_in_rows,
          minmay_pinched_square, uniq_grum, uniq_snorg, uniq_urug, uniq_maurice

Skill      XL: |  1  2  3  4  5  6  7  8  9 10 |
---------------+-------------------------------+-----
Fighting       | 4 5 6 7 9 10 11 | 11.8
Invocations    | 2 3 4 6 |  6.1
Long Blades    | 2 |  2.1
Transmutations | 1 5 7 8 |  8.3
Unarmed Combat | 4 6 |  6.2
Short Blades   | |  3.8
Dodging        | |  2.1

Action                   |  1- 3 |  4- 6 |  7- 9 | 10-12 || total
-------------------------+-------+-------+-------+-------++-------
Melee: Short sword       |    58 |       |       |       ||    58
       Tailslap          |    19 |    32 |    36 |     9 ||    96
       Dagger            |   113 |   106 |       |       ||   219
       Falchion          |       |   124 |   277 |    63 ||   464
       Peck              |       |     1 |    61 |    10 ||    72
       Punch             |       |     1 |     2 |     4 ||     7
Invok: Upheaval          |       |     2 |     3 |     3 ||     8
       Elemental Force   |       |       |       |     1 ||     1
 Abil: Breathe Noxious F |       |       |    12 |     3 ||    15
Evoke: Piece from Xom's  |       |     3 |       |       ||     3
       Wand              |       |       |     1 |    13 ||    14
  Use: Scroll            |     2 |     4 |     8 |     2 ||    16
       Potion            |       |     1 |       |    12 ||    13
 Stab: Petrified         |       |     7 |       |       ||     7
       Confused          |       |       |     5 |       ||     5
Armor: Skin              |    49 |    28 |    69 |    41 ||   187
Dodge: Dodged            |    93 |   132 |   191 |    69 ||   485
Block: Other             |    30 |    78 |   114 |    43 ||   265
       Reflection        |     1 |     1 |     1 |     1 ||     4

Table legend: (Time is in decaauts)
 A = Elapsed time spent in this place.
 B = Non-inter-level travel time spent in this place.
 C = Inter-level travel time spent in this place.
 D = Time resting spent in this place.
 E = Time spent auto-exploring this place.
 F = Levels seen in this place.
 G = Mean time per level.
                   A        B        C        D        E       F      G
               +--------+--------+--------+--------+--------+-----+--------+
         Total |   9508 |   9155 |    353 |    243 |   7485 |  10 |  950.8 |
       Dungeon |   9508 |   9155 |    353 |    243 |   7485 |  10 |  950.8 |
               +--------+--------+--------+--------+--------+-----+--------+

Top non-repeatable levels by time:
     D:7: 1634 daAuts
     D:2: 1285 daAuts
     D:1: 1218 daAuts
     D:5: 1172 daAuts
     D:4: 1119 daAuts
     D:3: 934 daAuts
     D:6: 888 daAuts
     D:8: 765 daAuts
     D:9: 481 daAuts
    D:10: 8 daAuts
